 Dungeon Crawl Stone Soup version 0.24-a0-235-g3f03afc (webtiles) character file.

Game seed: 2539211727629994744

469 xeno23 the Covert (level 7, -5/45 HPs)
             Began as an Octopode Assassin on Apr 7, 2019.
             Was a Follower of Uskayaw.
             Slain by an orc priest
             ... wielding a +0 trident
              (8 damage)
             ... on level 5 of the Dungeon.
             The game lasted 00:13:36 (3616 turns).

xeno23 the Covert (Octopode Assassin)               Turns: 3616, Time: 00:13:37

Health: -5/45      AC:  1    Str: 18    XL:     7   Next: 9%
Magic:  7/7        EV: 12    Int: 14    God:    Uskayaw [*.....]
Gold:   296        SH:  0    Dex: 14    Spells: 6/6 levels left

rFire    . . .     SeeInvis .   a - +2 dagger
rCold    . . .     Gourm    .   (no shield)
rNeg     . . .     Faith    .   (helmet restricted)
rPois    .         Spirit   .   r - amulet of regeneration
rElec    .         Reflect  .   n - +2 ring of strength
rCorr    .         Harm     .   (no ring)
MR       .....                  (no ring)
Stlth    ++++......             (no ring)
HPRegen  0.55/turn              (no ring)
MPRegen  0.10/turn              (no ring)
                                (no ring)
                                (no ring)

@: mighty, hasted, drained, very quick
A: almost no armour, stealthy swim, amphibious, 8 rings, constrict 8, camouflage
1, gelatinous body 1
a: Stomp, Renounce Religion


You were on level 5 of the Dungeon.
You worshipped Uskayaw.
Uskayaw was noncommittal.
You were not hungry.

You visited 2 branches of the dungeon, and saw 6 of its levels.

You collected 296 gold pieces.

Inventory:

Hand Weapons
 a - a +2 dagger (weapon)
 s - a +0 blowgun
Missiles
 c - 6 poisoned needles
 d - a curare-tipped needle
Jewellery
 n - a +2 ring of strength (left tentacle)
 r - an amulet of regeneration (around mantle)
Wands
 q - a wand of scattershot (5)
Scrolls
 e - 7 scrolls of teleportation {unknown}
 h - 2 scrolls of enchant armour {unknown}
 j - a scroll of remove curse {unknown}
 l - 3 scrolls of identify {unknown}
 m - a scroll of magic mapping {unknown}
 o - 2 scrolls of fog {unknown}
 t - 4 scrolls of amnesia {unknown}
Potions
 g - a potion of curing {unknown}
 i - a potion of lignification {unknown}
 k - a potion of might
 u - a potion of berserk rage {unknown}
Comestibles
 f - 5 rations


   Skills:
 - Level 2.0(1.1) Fighting
 * Level 6.0(5.0) Short Blades
 - Level 2.0(1.1) Throwing
 - Level 1.0(0.1) Dodging
 + Level 8.2(7.1) Stealth


You had 6 spell levels left.
You didn't know any spells.
Your spell library was empty.

Dungeon Overview and Level Annotations

Branches:
Dungeon (5/15)             Temple (1/1) D:4

Altars:
Ashenzari
Cheibriados
Dithmenos
Elyvilon
Fedhas
Gozag
Makhleb
Nemelex Xobeh
Ru
Sif Muna
Trog
Uskayaw
Vehumet
Wu Jian
Yredelemnul
Zin
The Shining One


Innate Abilities, Weirdness & Mutations

You cannot wear most types of armour.
You are very stealthy in the water. (Stealth+)
You are amphibious.
You can wear up to eight rings at the same time.
You can use your tentacles to constrict eight enemies at once.
Your skin changes colour to match your surroundings (Stealth+).
Your rubbery body absorbs attacks. (AC +1, EV +1)


Message History

You take 3 damage.
You hit something but do no damage.
The orc priest hits you from afar with a +0 trident!
Something hits you but does no damage.
You take 9 damage.
You closely miss something.
The orc priest hits you from afar with a +0 trident!
* * * LOW HITPOINT WARNING * * *
Something hits you.
* * * LOW HITPOINT WARNING * * *
You take 12 damage.
It was a potion of might.
You feel very mighty all of a sudden.
The orc priest hits you from afar with a +0 trident.
* * * LOW HITPOINT WARNING * * *
Something hits you but does no damage.
You take 5 damage.
It was a potion of haste.
You feel yourself speed up.
The orc priest hits you from afar with a +0 trident!
You die...

. . #. ##. # .... #.#
##.# .... #.###..#
.....# #....#
..##..####...#
........#o{.# .
#........##@# .#
#....J...###.# ..#
#..####...####
..$###o. #.....#
........###o###..#
..# #.{.)#.## #...#
..###..#..o## #..#
#.##...#....## #####
#.........#..####...#


You could see an orc priest.

Vanquished Creatures
  2 ogres
  A scorpion (D:5)
  2 orc wizards
  2 hound skeletons (D:4)
  Robin (D:2)
  5 adders
  An adder skeleton (D:4)
  2 worms
  A dart slug (D:1)
  4 leopard geckos
  12 orcs
  2 giant cockroaches (D:3)
  19 goblins
  9 hobgoblins
  5 jackals
  6 kobolds
  2 quokkas
  3 ball pythons
  10 bats
  5 frilled lizards
  8 rats
102 creatures vanquished.

Notes
Turn   | Place    | Note
-------+----------+-------------------------------------------
     0 | D:1      | xeno23 the Octopode Assassin began the quest for the Orb.
     0 | D:1      | Reached XP level 1. HP: 14/14 MP: 1/1
    49 | D:1      | Reached XP level 2. HP: 13/19 MP: 2/2
   168 | D:1      | Reached skill level 6 in Stealth
   468 | D:1      | Reached XP level 3. HP: 14/24 MP: 3/3
   541 | D:2      | Noticed an ogre
   849 | D:2      | Noticed Robin
  1147 | D:2      | Reached XP level 4. HP: 29/29 MP: 4/4
  1192 | D:2      | Killed an ogre
  1192 | D:2      | Reached skill level 7 in Stealth
  1192 | D:2      | Reached XP level 5. HP: 34/34 MP: 5/5
  1274 | D:2      | Found an ornate altar of the Wu Jian Council.
  1322 | D:2      | Killed Robin
  1953 | D:3      | Found a blossoming altar of Fedhas.
  2132 | D:3      | Found a shadowy altar of Dithmenos.
  2174 | D:3      | Reached skill level 5 in Short Blades
  2174 | D:3      | Reached XP level 6. HP: 9/39 MP: 6/6
  2728 | D:4      | Found a staircase to the Ecumenical Temple.
  2737 | Temple   | Entered the Ecumenical Temple
  2923 | Temple   | Became a worshipper of Uskayaw the Reveler
  2986 | D:4      | Reached * piety under Uskayaw
  2997 | D:5      | Entered Level 5 of the Dungeon
  3182 | D:4      | Reached skill level 8 in Stealth
  3182 | D:4      | Reached ** piety under Uskayaw
  3229 | D:4      | Found a shattered altar of Ashenzari.
  3241 | D:4      | Found a burning altar of Makhleb.
  3290 | D:4      | Found a burning altar of Makhleb.
  3555 | D:5      | Reached XP level 7. HP: 45/45 MP: 7/7
  3616 | D:5      | Slain by an orc priest

Levels and vault maps discovered:
D:1:      minmay_arrival_four_circles, layout_basic
D:2:      layout_loops_ring, nicolae_overflow_crystal_walls, uniq_robin
D:3:      layout_loops_ring, fedhas_ov_isle_minmay, grunt_dithmenos_smoke
D:4:      layout_cave_pools, nicolae_ashenzari_panopticon,
          lightli_temple_of_fire, minmay_temple_entry_overgrown, bloody_makhleb
D:5:      layout_layer_cave, serial_shops,
          nicolae_shop_temple_entry_statues_fountains, first_ration,
          hangedman_decor_points
Temple:   nicolae_temple_figure_eight

Skill      XL: |  1  2  3  4  5  6 |
---------------+-------------------+-----
Stealth        | 6 7 8 |  8.2
Short Blades   | 3 4 5 6 |  6.0
Fighting       | |  2.0
Throwing       | |  2.0
Dodging        | |  1.0

Action                   |  1- 3 |  4- 6 |  7- 9 || total
-------------------------+-------+-------+-------++-------
Melee: Dagger            |    75 |   126 |     9 ||   210
       Constrict         |    18 |    22 |     1 ||    41
       Tentacles         |    10 |    22 |     2 ||    34
 Fire: Blowgun           |       |    11 |       ||    11
  Use: Potion            |       |       |     2 ||     2
 Stab: Sleeping          |    15 |    16 |     1 ||    32
       Distracted        |       |     1 |       ||     1
  Eat: Chunk             |     1 |     7 |       ||     8
Armor: Skin              |     4 |    11 |       ||    15
Dodge: Dodged            |    31 |    54 |       ||    85

Table legend:
 A = Non-vault XP
 B = Vault XP
 C = Vault XP percentage of total XP
 D = Non-vault monster count
 E = Vault monster count
 F = Vault count percentage of total count
                 A         B        C        D         E       F
            +---------+---------+-------+---------+---------+-------
      Total |     639 |      32 |   4.8 |      93 |       9 |   8.8
            +---------+---------+-------+---------+---------+-------
        D:1 |      42 |       4 |   8.7 |      26 |       2 |   7.1
        D:2 |     176 |      28 |  13.7 |      22 |       7 |  24.1
        D:3 |     103 |       0 |   0.0 |      26 |       0 |   0.0
        D:4 |     240 |       0 |   0.0 |      15 |       0 |   0.0
        D:5 |      78 |       0 |   0.0 |       4 |       0 |   0.0
            +---------+---------+-------+---------+---------+-------
